 Dungeon Crawl Stone Soup version 0.28-a0-1143-gcf6077d4cc (webtiles) character file.

Game seed: 9266399029968018271

3693 funkygono the Arsonist (level 10, -21/52 HPs)
             Began as a Gargoyle Fire Elementalist on Dec 13, 2021.
             Was a Follower of Vehumet.
             Killed from afar by Maggie (41 damage)
             ... with a bolt of acid
             ... on level 8 of the Dungeon.
             The game lasted 00:16:06 (9377 turns).

funkygono the Arsonist (Gargoyle Fire Elementalist) Turns: 9377, Time: 00:16:08

Health: -21/52     AC: 11    Str: 11    XL:     10   Next: 13%
Magic:  12/31      EV: 16    Int: 21    God:    Vehumet [*.....]
Gold:   360        SH:  5    Dex: 10    Spells: 16/26 levels left

rFire   + . .      SeeInvis .   A - +2 flail (protect)
rCold   . . .      Faith    .   (no shield)
rNeg    + + .      Spirit   .   a - +0 robe
rPois   ∞          Reflect  +   (no helmet)
rElec   +          Harm     .   i - +1 cloak
rCorr   .          Rampage  .   (no gloves)
Will    .....                   (no boots)
Stlth   ++........              w - amulet of Kemys {Reflect rF+ rN+ SH+5}
HPRegen 0.17/turn               c - +4 ring of evasion
MPRegen 0.22/turn               u - ring of magical power

@: studying Staves
A: sickness immunity, AC +7, negative energy resistance 1, electricity
resistance, torment resistance 1, petrification resistance
a: Renounce Religion


You were on level 8 of the Dungeon.
You worshipped Vehumet.
Vehumet was aware of your devotion.
You visited 2 branches of the dungeon, and saw 9 of its levels.

You collected 360 gold pieces.

Inventory:

Hand Weapons
 k - a +1 whip
 v - a +4 dire flail
 A - a +2 flail of protection (weapon)
Missiles
 e - 174 stones
Armour
 a - a +0 robe (worn)
 i - a +1 cloak (worn)
 x - the +1 robe of the Merchant {*Slow rPois rC+++ Str-3}
   (You found it on level 7 of the Dungeon)

   Str:       It affects your strength (-3).
   rC:        It renders you almost immune to cold.
   rPois:     It protects you from poison.
   *Slow:     It may slow you when you take damage.
Jewellery
 c - a +4 ring of evasion (left hand)
 m - a ring of flight
 u - a ring of magical power (right hand)
 w - the amulet of Kemys (around neck) {Reflect rF+ rN+ SH+5}
   (You acquired it on level 6 of the Dungeon)

   [amulet of reflection]

   It reflects blocked missile attacks.
   rF:        It protects you from fire.
   rN:        It protects you from negative energy.
   SH:        It affects your SH (+5).
Wands
 g - a wand of iceblast (6)
 q - a wand of flame (20)
 r - a wand of mindburst (3)
Scrolls
 j - 5 scrolls of blinking
 o - a scroll of amnesia
 p - a scroll of fog
 z - a scroll of fear
Potions
 b - a potion of cancellation
 d - 2 potions of ambrosia
 f - 3 potions of heal wounds
 h - 3 potions of lignification
 l - a potion of flight
 n - 5 potions of curing
 s - a potion of mutation {unknown}
 t - a potion of might {unknown}
 B - a potion of resistance {unknown}


   Skills:
 + Level 1.1 Fighting
 + Level 2.2 Maces & Flails
 + Level 2.1 Dodging
 - Level 2.1 Stealth
 + Level 0.2 Shields
 * Level 8.7 Spellcasting
 * Level 6.4 Conjurations
 * Level 9.0 Fire Magic


You had 16 spell levels left.
You knew the following spells:

 Your Spells              Type           Power      Damage    Failure   Level
a - Foxfire               Conj/Fire      100%       2x1d9     1%          1
b - Scorch                Fire           94%        2d9       1%          2
c - Conjure Flame         Conj/Fire      41%        6-21      1%          3
d - Flame Wave            Conj/Fire      41%        2d8       3%          4

Your spell library contained the following spells:

 Spells                   Type           Power      Damage    Failure   Level
 Sandblast                Erth           18%        2d7       8%          1
 Inner Flame              Hex/Fire       28%        N/A       3%          3
 Apportation              Tloc           18%        N/A       8%          1
 Summon Small Mammal      Summ           36%        N/A       8%          1
 Call Canine Familiar     Summ           9%         N/A       22%         3
 Summon Guardian Golem    Hex/Summ       9%         N/A       22%         3
 Irradiate                Conj/Tmut      11%        3d17      47%         5
 Petrify                  Tmut/Erth      9%         N/A       58%         4
 Alistair's Intoxication  Tmut/Pois      6%         N/A       90%         5
 Sublimation of Blood     Necr           Unusable   N/A       N/A         2

Dungeon Overview and Level Annotations

Branches:
Dungeon (8/15)             Temple (1/1) D:7
   Lair: D:8-11

Altars:
Ashenzari
Cheibriados
Dithmenos
Elyvilon
Fedhas
Gozag
Hepliaklqana
Kikubaaqudgha
Makhleb
Nemelex Xobeh
Okawaru
Qazlal
Ru
Sif Muna
Trog
Uskayaw
Vehumet
Wu Jian
Xom
Zin
The Shining One

Annotations:
D:3 3 runed translucent doors, MisterT's ghost, amateur HOMo
D:8 Maggie


Innate Abilities, Weirdness & Mutations

You are immune to sickness and miasma.
Your stone body is resilient. (AC +7)
You are immune to poison.
You resist negative energy. (rN+)
You are resistant to electric shocks. (rElec)
You are resistant to unholy torment.
You are immune to petrification.


Message History

The wight is almost destroyed.
The foxfire hits the wight.
You destroy the wight!
Vehumet accepts your kill.
Casting: Scorch (safe; 1% risk of failure)
Confirm with . or Enter, or press ? or * to list all spells.
You conjure some foxfire!
The orc warrior closely misses you.
Casting: Foxfire (safe; 1% risk of failure)
Confirm with . or Enter, or press ? or * to list all spells.
Flames lash the orc warrior.
The orc warrior is almost dead.
The orc warrior's fire resistance burns away.
The foxfire hits the orc warrior!
The orc warrior is burned terribly!
You kill the orc warrior!
Vehumet accepts your kill.
The foxfire hits the bullfrog!
The bullfrog is burned terribly!
The bullfrog is almost dead.
The bullfrog barely misses you.
Your Maces & Flails skill increases to level 2!
Casting: Scorch (safe; 1% risk of failure)
Confirm with . or Enter, or press ? or * to list all spells.
You conjure some foxfire!
You block Maggie's attack. You block the bullfrog's attack.
Casting: Foxfire (safe; 1% risk of failure)
Confirm with . or Enter, or press ? or * to list all spells.
Flames lash the bullfrog.
The bullfrog is burned terribly!
You kill the bullfrog!
Vehumet accepts your kill.
The foxfire hits Maggie.
Maggie is heavily wounded.
The foxfire hits Maggie but does no damage.
Maggie is heavily wounded.
Maggie hits you from afar with a +1 glaive of venom!
Casting: Scorch (safe; 1% risk of failure)
Confirm with . or Enter, or press ? or * to list all spells.
You conjure some foxfire!
Maggie zaps a wand.
The bolt of acid hits your foxfire!! The acid corrodes your foxfire!
The bolt of acid hits you!!!
Ouch! That really hurt!
You die...

########### ... #..........
.... #..###..####''##
####.....##.......
###########v)@...>## ...@..
#.........§@#####.###..⌠.♣..
#.......)#### #..z)....[♣
#....)...# ###.'.[.:.♣
#........## ###...♣♣⌠.
#.........# .......
#<............ .......
#........##### ###''##
#........# ..# #........#
.!.


You could see Maggie (ally target).

Vanquished Creatures
  Grinder (D:4)
  A yak (D:5)
  2 wyverns
  A basilisk (shapeshifter) (D:8)
  3 water moccasins
  Duvessa (D:4)
  2 orc warriors
  A sky beast (D:7)
  An ogre (D:6)
  A necrophage (D:5)
  2 kobold brigands
  4 bullfrogs
  6 scorpions
  3 water moccasin skeletons
  Dowan (D:4)
  8 wights
  A centaur zombie (D:5)
  A hound (D:4)
  A bullfrog zombie (D:5)
  A centaur skeleton (D:6)
  2 jellies
  Ijyb (D:4)
  2 bullfrog skeletons
  2 gnoll shamans
  An iguana (D:5)
  2 orc wizards
  A howler monkey zombie (D:7)
  2 hound skeletons
  2 howler monkey skeletons
  9 gnolls
  11 adders
  2 shadow imps
  A white imp (D:6)
  An ufetubus (D:5)
  An adder skeleton (D:4)
  A worm (D:2)
  2 dart slugs
  23 orcs
  4 bats
  2 endoplasms
  6 giant cockroaches
  4 goblins
  8 hobgoblins
  2 jackals (D:2)
  4 quokkas
  5 ball pythons
  A frilled lizard (D:1)
  15 kobolds
  6 rats
165 creatures vanquished.

Vanquished Creatures (others)
  700 foxfires
700 creatures vanquished.

Grand Total: 865 creatures vanquished

Notes
Turn   | Place    | Note
-------+----------+-------------------------------------------
     0 | D:1      | funkygono the Gargoyle Fire Elementalist began the quest
                  | for the Orb.
     0 | D:1      | Reached XP level 1. HP: 10/10 MP: 3/3
   239 | D:1      | Reached XP level 2. HP: 15/15 MP: 3/5
   242 | D:1      | Learned a level 2 spell: Scorch
   300 | D:1      | Found a faded altar of an unknown god.
   708 | D:1      | Reached XP level 3. HP: 19/19 MP: 3/6
   905 | D:1      | Learned a level 3 spell: Conjure Flame
  1517 | D:2      | Reached XP level 4. HP: 24/24 MP: 3/8
  1779 | D:3      | Reached skill level 4 in Fire Magic
  2039 | D:3      | Found a runed translucent gate.
  2040 | D:3      | Found a runed translucent gate.
  2041 | D:3      | Found a runed translucent gate.
  2042 | D:3      | Noticed MisterT's ghost (amateur HOMo)
  2054 | D:3      | Noticed a kobold brigand
  2493 | D:3      | Found a glowing silver altar of Zin.
  2922 | D:4      | Reached XP level 5. HP: 26/28 MP: 4/9
  3251 | D:4      | Reached skill level 5 in Fire Magic
  3251 | D:4      | Reached XP level 6. HP: 27/32 MP: 0/11
  3256 | D:4      | Learned a level 4 spell: Flame Wave
  3336 | D:4      | Noticed Grinder
  3340 | D:4      | Paralysed by Grinder for 2 turns
  3345 | D:4      | Paralysed by Grinder for 6 turns
  3357 | D:4      | Killed Grinder
  3358 | D:4      | Reached XP level 7. HP: 15/37 MP: 0/13
  3505 | D:4      | Reached skill level 1 in Maces & Flails
  3681 | D:4      | Noticed Dowan
  3682 | D:4      | Noticed Duvessa
  3700 | D:4      | Killed Duvessa
  3702 | D:4      | Killed Dowan
  4051 | D:4      | Noticed Ijyb
  4059 | D:4      | Killed Ijyb
  4738 | D:5      | Entered Level 5 of the Dungeon
  4805 | D:5      | Reached XP level 8. HP: 42/42 MP: 6/15
  4875 | D:5      | Reached skill level 5 in Spellcasting
  4875 | D:5      | Reached skill level 6 in Fire Magic
  5107 | D:5      | Reached skill level 5 in Conjurations
  5204 | D:5      | Noticed a yak
  5231 | D:5      | Killed a yak
  5814 | D:5      | Reached skill level 7 in Fire Magic
  6378 | D:6      | Reached XP level 9. HP: 46/46 MP: 12/18
  7632 | D:6      | Identified a scroll of acquirement
  7632 | D:6      | Acquired the amulet of Kemys {Reflect rF+ rN+ SH+5}
  7798 | D:7      | Identified the +1 robe of the Merchant {*Slow rPois rC+++
                  | Str-3}
  7852 | D:7      | Reached skill level 8 in Fire Magic
  7891 | D:7      | Found a staircase to the Ecumenical Temple.
  7900 | Temple   | Entered the Ecumenical Temple
  7968 | Temple   | Became a worshipper of Vehumet
  8263 | D:7      | Reached skill level 1 in Fighting
  9247 | D:8      | Reached * piety under Vehumet
  9247 | D:8      | Offered knowledge of Sandblast by Vehumet.
  9346 | D:8      | Reached XP level 10. HP: 52/52 MP: 22/22
  9349 | D:8      | Noticed Maggie
  9367 | D:8      | Reached skill level 9 in Fire Magic
  9377 | D:8      | Killed from afar by Maggie

Illustrated notes

Levels and vault maps discovered:
D:1:      dpeg_arrival_simpleton_c, layout_basic, nicolae_ecumenical_lake_church
D:2:      layout_loops_cross
D:3:      layout_basic, zin_treasury, gammafunk_ghost_nasty_kobolds,
          minmay_strange_pillars
D:4:      layout_basic, uniq_ijyb, uniq_grinder, uniq_duvessa
D:5:      layout_gridville, minmay_manual_macuahuitl
D:6:      layout_basic
D:7:      layout_basic
D:8:      layout_rooms, minivault_11, kennysheep_generic_room_7, uniq_maggie,
          uniq_pikel, uniq_harold
Temple:   regret_index_temple_chain_breaker

Skill      XL: |  1  2  3  4  5  6  7  8  9 10 |
---------------+-------------------------------+-----
Conjurations   | 2 3 4 5 6 |  6.4
Fire Magic     | 4 5 7 8 9 |  9.0
Spellcasting   | 3 4 6 8 |  8.7
Maces & Flails | 1 2 |  2.2
Dodging        | 2 |  2.1
Fighting       | 1 |  1.1
Stealth        | |  2.1
Shields        | |  0.2

Action                   |  1- 3 |  4- 6 |  7- 9 | 10-12 || total
-------------------------+-------+-------+-------+-------++-------
Melee: Unarmed           |     1 |       |       |       ||     1
       Whip              |       |    19 |    21 |       ||    40
       Flail             |       |       |    24 |     7 ||    31
       Dire flail        |       |       |    11 |       ||    11
 Cast: Foxfire           |    64 |    62 |   285 |     8 ||   419
       Scorch            |       |     1 |    46 |     4 ||    51
       Conjure Flame     |       |       |    11 |       ||    11
       Flame Wave        |       |       |     1 |     1 ||     2
  Use: Scroll            |       |     9 |    11 |       ||    20
Armor: Robe              |     2 |     5 |    30 |     1 ||    38
Dodge: Dodged            |     6 |    24 |    68 |    13 ||   111
Block: Other             |       |       |     9 |     5 ||    14

Table legend: (Time is in decaauts)
 A = Elapsed time spent in this place.
 B = Non-inter-level travel time spent in this place.
 C = Inter-level travel time spent in this place.
 D = Time resting spent in this place.
 E = Time spent auto-exploring this place.
 F = Levels seen in this place.
 G = Mean time per level.
                   A        B        C        D        E       F      G
               +--------+--------+--------+--------+--------+-----+--------+
         Total |   9387 |   9091 |    296 |     65 |   7730 |   9 | 1043.0 |
       Dungeon |   9264 |   8981 |    283 |     65 |   7639 |   8 | 1158.0 |
        Temple |    122 |    110 |     12 |      0 |     91 |   1 |  122.0 |
               +--------+--------+--------+--------+--------+-----+--------+

Top non-repeatable levels by time:
     D:4: 1824 daAuts
     D:6: 1729 daAuts
     D:5: 1311 daAuts
     D:7: 1278 daAuts
     D:3: 1140 daAuts
     D:1: 913 daAuts
     D:2: 859 daAuts
     D:8: 207 daAuts
  Temple: 122 daAuts
